 Dungeon Crawl Stone Soup version 0.28-a0-1429-gf3d713df7a (webtiles) character file.

Game seed: 1483494340858183227

98576 bearlyready the Cruncher (level 16, -6/124 HPs)
             Began as a Gnoll Summoner on Jan 8, 2022.
             Was the Champion of Cheibriados.
             Mangled by a dire elephant simulacrum (20 damage)
             ... in an ice cave.
             The game lasted 01:02:33 (31572 turns).

bearlyready the Cruncher (Gnoll Summoner)          Turns: 31572, Time: 01:02:34

Health: -6/124     AC: 11    Str: 29    XL:     16   Next: 22%
Magic:  2/31       EV: 28    Int: 37    God:    Cheibriados [******]
Gold:   1090       SH: 22    Dex: 39    Spells: 2/38 levels left

rFire   . . .      SeeInvis +   m - +3 broad axe (elec)
rCold   + . .      Faith    .   x - +0 kite shield
rNeg    . . .      Spirit   .   o - +0 troll leather armour
rPois   .          Reflect  +   w - +0 helmet {SInv}
rElec   .          Harm     .   n - +0 cloak
rCorr   .          Rampage  .   Y - +0 pair of fencer's gloves {Riposte Dex+3}
Will    +....                   e - +0 pair of boots
Stlth   ++++++....              M - amulet of reflection
HPRegen 1.10/turn               a - ring of protection from cold
MPRegen 0.22/turn               h - ring "Agoi" {Str+4 Int+6 Dex+4}

@: wereblooded, studying Staves, very slow
A: fangs 1, strong nose, distributed training
a: Renounce Religion, Bend Time, Temporal Distortion, Slouch, Step From Time


You were in an ice cave.
You worshipped Cheibriados.
Cheibriados was exalted by your worship.
You visited 5 branches of the dungeon, and saw 25 of its levels.
You also visited: Sewer, Ossuary, Bailey and Ice Cave.

You collected 3030 gold pieces.
You spent 1940 gold pieces at shops.

Inventory:

Hand Weapons
 m - a +3 broad axe of electrocution (weapon)
 L - a +2 rapier of electrocution
Missiles
 j - 171 bolts
 r - 3 silver boomerangs (quivered)
 s - 167 sling bullets
 D - 63 poisoned darts
 I - 731 stones
 V - 7 boomerangs
Armour
 e - a +0 pair of boots (worn)
 n - a +0 cloak (worn)
 o - a +0 troll leather armour (worn)
 w - a +0 helmet of see invisible (worn)
 x - a +0 kite shield (worn)
 Y - the +0 pair of fencer's gloves (worn) {Riposte Dex+3}
   (You bought it in a shop on level 2 of the Orcish Mines)

   It allows the wearer to riposte with melee weapons, swiftly retaliating
   against missed attacks.
   Dex:       It affects your dexterity (+3).
Jewellery
 a - a ring of protection from cold (left hand)
 h - the ring "Agoi" (right hand) {Str+4 Int+6 Dex+4}
   (You found it on level 4 of the Dungeon)

   [ring of intelligence]

   Str:       It affects your strength (+4).
   Int:       It affects your intelligence (+6).
   Dex:       It affects your dexterity (+4).
 q - a ring of resist corrosion
 M - an amulet of reflection (around neck)
 X - a +6 ring of dexterity
Wands
 c - a wand of polymorph (11)
 J - a wand of iceblast (11)
 K - a wand of paralysis (4)
 N - a wand of flame (38)
 U - a wand of digging (12)
 Z - a wand of charming (4)
Scrolls
 b - a scroll of torment
 l - 5 scrolls of fog
 p - 3 scrolls of immolation
 u - 3 scrolls of amnesia
 y - 2 scrolls of summoning
 C - 8 scrolls of enchant armour
 E - 17 scrolls of teleportation
 F - 8 scrolls of enchant weapon
 G - a scroll of blinking
 O - 2 scrolls of fear
 Q - 2 scrolls of silence
Potions
 d - 6 potions of magic
 f - 2 potions of might
 g - a potion of invisibility
 k - 4 potions of cancellation
 v - 5 potions of lignification
 z - 7 potions of heal wounds
 A - a potion of ambrosia
 B - 2 potions of resistance
 H - 14 potions of curing
 P - 3 potions of haste
 R - 3 potions of mutation
 S - 2 potions of flight
 T - a potion of brilliance {unknown}
 W - 2 potions of berserk rage
Miscellaneous
 i - a phantom mirror (inert)


   Skills:
 + Level 10.9 Fighting
 + Level 10.9 Short Blades
 + Level 10.9 Long Blades
 + Level 10.9 Axes
 + Level 10.9 Maces & Flails
 + Level 10.9 Polearms
 + Level 12.3 Staves
 + Level 10.9 Slings
 + Level 10.9 Bows
 + Level 10.9 Crossbows
 + Level 10.9 Throwing
 + Level 10.9 Armour
 + Level 11.8 Dodging
 + Level 11.6 Stealth
 + Level 10.9 Shields
 + Level 10.9 Unarmed Combat
 + Level 11.9 Spellcasting
 + Level 9.1 Conjurations
 + Level 9.1 Hexes
 + Level 11.5 Summonings
 + Level 9.1 Necromancy
 + Level 9.1 Translocations
 + Level 9.1 Transmutations
 + Level 9.1 Fire Magic
 + Level 9.1 Ice Magic
 + Level 9.1 Air Magic
 + Level 9.1 Earth Magic
 + Level 9.1 Poison Magic
 + Level 11.8 Invocations
 + Level 10.9 Evocations


You had 2 spell levels left.
You knew the following spells:

 Your Spells              Type           Power      Damage    Failure   Level
a - Summon Small Mammal   Summ           100%       N/A       1%          1
b - Call Imp              Summ           82%        N/A       1%          2
c - Call Canine Familiar  Summ           82%        N/A       1%          3
d - Summon Guardian Gole  Hex/Summ       78%        N/A       1%          3
e - Summon Lightning Spi  Summ/Air       78%        N/A       1%          4
f - Wereblood             Tmut           74%        N/A       1%          2
g - Summon Hydra          Summ           41%        N/A       30%         7
h - Manifold Assault      Tloc           74%        N/A       2%          5
i - Passwall              Tmut/Erth      61%        N/A       1%          2
j - Malign Gateway        Summ/Tloc      39%        N/A       45%         7

Your spell library contained the following spells:

 Spells                   Type           Power      Damage    Failure   Level
 Beastly Appendage        Tmut           100%       N/A       1%          1
 Freeze                   Ice            100%       1d11      1%          1
 Blink                    Tloc           100%       N/A       1%          2
 Corpse Rot               Necr/Air       100%       N/A       1%          2
 Ensorcelled Hibernation  Hex/Ice        100%       N/A       1%          2
 Sublimation of Blood     Necr           74%        N/A       1%          2
 Frozen Ramparts          Ice            100%       1d12      1%          3
 Lesser Beckoning         Tloc           74%        N/A       1%          3
 Spider Form              Tmut/Pois      74%        N/A       1%          3
 Swiftness                Air            74%        N/A       1%          3
 Tukima's Dance           Hex            74%        N/A       1%          3
 Cause Fear               Hex            37%        N/A       1%          4
 Dispel Undead            Necr           74%        3d25      1%          4
 Hailstorm                Conj/Ice       74%        3d15      1%          4
 Death Channel            Necr           37%        N/A       14%         6
 Dragon Form              Tmut           37%        N/A       63%         7
 Enfeeble                 Hex            37%        N/A       63%         7
 Summon Horrible Things   Summ           41%        N/A       94%         8
 Dragon's Call            Summ           41%        N/A       100%        9


Dungeon Overview and Level Annotations

Branches:
Dungeon (15/15)            Temple (1/1) D:4            Lair (6/6) D:10
 Shoals (1/4) Lair:4       Spider (0/4) Lair:4        Slime (0/5) Lair:5
    Orc (2/2) D:11            Elf (0/3) Orc:2        Vaults (0/5) D:13
  Sewer (visited)         Ossuary (visited)          Bailey (visited)
  IceCv (1/1)
 Depths: D:15

Altars:
Ashenzari
Cheibriados
Dithmenos
Elyvilon
Fedhas
Gozag
Hepliaklqana
Kikubaaqudgha
Makhleb
Nemelex Xobeh
Okawaru
Qazlal
Ru
Sif Muna
Trog
Uskayaw
Vehumet
Wu Jian
Xom
Yredelemnul
Zin
The Shining One
Beogh

Shops:
Orc:1 (   Orc:2 ![*:[

Portals:
Hell: Lair:6

Annotations:
D:10 exclusion: orange crystal statue
D:14 Roxanne
Lair:5 exclusion: 3 oklob plants
Shoals:1 exclusion: ice statue


Innate Abilities, Weirdness & Mutations

You have very sharp teeth.
Your uncanny sense of smell can sniff out nearby items.
Your experience applies equally to all skills.


Message History

The javelin pierces through the dire elephant simulacrum!!
The dire elephant simulacrum is severely damaged.
The javelin pierces through the dire elephant simulacrum!!
The dire elephant simulacrum is almost destroyed.
Throw: javelin
Press: ? - help, Q - select action, (/) - cycle Shift-Dir - straight line, f/p - dire elephant simulacrum
Aim: a dire elephant simulacrum (severely damaged, 98% to hit)
You throw a javelin.
The javelin pierces through the dire elephant simulacrum but does no damage.
The dire elephant simulacrum is severely damaged.
The javelin pierces through the dire elephant simulacrum but does no damage.
The dire elephant simulacrum is almost destroyed.
Throw: 3 boomerangs (silver)
Press: ? - help, Q - select action, (/) - cycle Shift-Dir - straight line, f/p - dire elephant simulacrum
Aim: a dire elephant simulacrum (freezing vapour, severely damaged, 98% to hit)
Okay, then.
Aiming: Throw Flame
Press: ? - help, Shift-Dir - straight line, f/p - dire elephant simulacrum
Aim: a dire elephant simulacrum (freezing vapour, severely damaged, 100% to hit)
Okay, then.
You hit the dire elephant simulacrum but do no damage.
The dire elephant simulacrum is severely damaged.
You howl as the wereblood boils in your veins!
You block the dire elephant simulacrum's attack.
The dire elephant simulacrum completely misses you.
You slash the dire elephant simulacrum!
The dire elephant simulacrum is almost destroyed.
You hit the dire elephant simulacrum but do no damage.
You block the dire elephant simulacrum's attack.
The dire elephant simulacrum trunk-slaps you!
* * * LOW HITPOINT WARNING * * *
The dire elephant simulacrum freezes you!
You resist.
* * * LOW HITPOINT WARNING * * *
You block the dire elephant simulacrum's attack.
The dire elephant simulacrum trunk-slaps you.
* * * LOW HITPOINT WARNING * * *
The dire elephant simulacrum freezes you!!
You resist.
You die...

#### ##
##..##
##..##....##
#..........#
..(....∩Z@.#
..##....Z..#
###....##
##..## ####


You could see 2 dire elephant simulacra.

Vanquished Creatures
  Jorgrun (D:14)
  Kirke (Lair:6)
  A vault guard (D:13)
  2 catoblepae
  Erica (D:11)
  6 hydras
  A two-headed ogre (D:13)
  6 centaur warriors
  2 death yaks (Lair:5)
  A death knight (D:14)
  4 orc high priests
  A sixfirhy (Lair:6)
  A lindwurm (Lair:6)
  A deep elf pyromancer (D:14)
  A wizard (Lair:6)
  5 orc knights
  3 harpies (Shoals:1)
  A wolf spider (Lair:5)
  4 ugly things (D:14)
  3 cyclopes
  3 manticores
  6 orc sorcerers (Orc:2)
  A merfolk siren (Shoals:1)
  Maurice (D:13)
  10 elephants
  9 black mambas
  3 gargoyles
  13 cane toads
  11 rime drakes
  3 orange demons (Lair:6)
  An efreet (D:14)
  2 tengu conjurers (D:14)
  5 komodo dragons
  A red devil (Lair:6)
  A hornet (D:11)
  3 trolls
  A polar bear (Lair:4)
  The ghost of axecop the Insei, an amateur DsAK of Lugonu (D:5)
  A slime creature (D:14)
  18 blink frogs
  6 dream sheep
  A centaur simulacrum (D:14)
  A vampire (D:12)
  6 wraiths
  8 basilisks
  5 humans (D:13)
  11 wyverns
  2 water elementals (Shoals:1)
  28 yaks
  A fire elemental (D:11)
  10 vampire mosquitoes
  Grum (D:10)
  2 steam dragons
  2 harpy simulacra (IceCv)
  2 acid dragons
  2 wargs (Orc:1)
  5 hell hounds
  21 water moccasins
  15 orc warriors
  A sky beast (D:5)
  3 ogres
  2 centaurs
  34 wolves
  3 phantoms
  2 kobold brigands
  12 bullfrogs
  A wyvern zombie (D:5)
  A scorpion (D:5)
  2 killer bees (D:8)
  2 electric eels (D:10)
  A howler monkey (D:12)
  6 orc priests
  A hound (D:4)
  7 hell rats (Lair:4)
  3 iguanas
  12 orc wizards
  A killer bee zombie (D:5)
  3 gnolls
  2 adders
  A river rat (D:4)
  3 worms
  A dart slug (D:1)
  29 orcs
  3 bats
  6 endoplasms
  3 giant cockroaches
  A goblin (D:2)
  A hobgoblin (D:6)
  A jackal (D:5)
  14 kobolds
  3 quokkas
  5 ball pythons
  2 ball python skeletons (Ossuary)
  3 frilled lizards
  A kobold zombie (Ossuary)
  9 rats
454 creatures vanquished.

Vanquished Creatures (collateral kills)
  Azrael (D:12)
  5 two-headed ogres
  2 death yaks (Lair:5)
  An orb spider (Lair:4)
  A deep elf pyromancer (D:7)
  An orc knight (Bailey)
  2 ugly things (D:14)
  A merfolk siren (Shoals:1)
  A cyclops (D:14)
  4 elephants
  An orange demon (Lair:6)
  A komodo dragon (Lair:6)
  A freezing wraith (D:14)
  A hellwing (Lair:6)
  A polar bear (Lair:1)
  A wind drake (Shoals:1)
  A troll (D:14)
  2 blink frogs (Lair:5)
  3 slime creatures (D:12)
  2 dream sheep (Lair:5)
  A wraith (Ossuary)
  A shadow (D:11)
  6 yaks
  A wyvern (D:9)
  2 fire elementals (D:12)
  4 humans (D:13)
  2 basilisks
  A vampire mosquito (D:12)
  4 water moccasins
  An acid dragon (D:7)
  6 hell hounds
  A sky beast (D:5)
  9 orc warriors
  2 necrophages
  3 ice beasts
  2 black bears (D:7)
  4 ogres
  4 wolves
  2 centaurs
  A kobold brigand (D:9)
  2 bullfrogs
  A scorpion (D:5)
  A water moccasin skeleton (D:3)
  4 killer bees (D:8)
  3 wights
  2 howler monkeys
  A bullfrog zombie (D:5)
  5 centaur zombies
  A hound (D:5)
  8 orc priests
  A centaur skeleton (D:6)
  A jelly (D:5)
  2 bullfrog skeletons (D:5)
  2 iguanas (D:5)
  6 orc wizards
  A hound zombie (D:5)
  A howler monkey zombie (D:5)
  8 adders
  2 gnolls
  A shadow imp (D:8)
  A white imp (D:5)
  2 adder zombies
  5 worms
  36 orcs
  6 endoplasms
  2 giant cockroaches
  6 goblins
  A hobgoblin (D:1)
  9 kobolds
  4 ball pythons
  A bat (D:2)
  2 frilled lizards
  A hobgoblin skeleton (Ossuary)
  A kobold zombie (Ossuary)
  An orc skeleton (Ossuary)
  2 rats
223 creatures vanquished.

Vanquished Creatures (others)
  Snorg (D:13)
  Josephine (D:12)
  A boulder beetle (D:14)
  A vault guard (D:13)
  A tengu warrior (D:10)
  A death yak (Lair:5)
  An orc knight (Orc:2)
  An elephant (D:10)
  A black mamba (Lair:4)
  A cane toad (Lair:3)
  A troll (D:10)
  A slime creature (D:12)
  A wyvern (D:5)
  A yak (Lair:1)
  4 humans
  A water moccasin (D:8)
  3 orc warriors
  A hound (D:5)
  An orc wizard (D:14)
  A hound skeleton (D:5)
  32 fungi
  80 plants
137 creatures vanquished.

Grand Total: 814 creatures vanquished

Notes
Turn   | Place    | Note
-------+----------+-------------------------------------------
     0 | D:1      | bearlyready the Gnoll Summoner began the quest for the Orb.
     0 | D:1      | Reached XP level 1. HP: 13/13 MP: 6/6
   206 | D:1      | Found a faded altar of an unknown god.
   535 | D:1      | You fall into a shaft and drop 1 floor!
   545 | D:2      | Reached XP level 2. HP: 18/19 MP: 4/7
   548 | D:2      | Learned a level 2 spell: Call Imp
  1516 | D:1      | Reached XP level 3. HP: 25/25 MP: 9/9
  1648 | D:1      | Reached skill level 5 in Spellcasting
  2029 | D:2      | Learned a level 3 spell: Call Canine Familiar
  2192 | D:2      | Reached skill level 1 in Invocations
  3164 | D:2      | Reached skill level 1 in Fighting
  3164 | D:2      | Reached skill level 1 in Short Blades
  3164 | D:2      | Reached skill level 1 in Long Blades
  3164 | D:2      | Reached skill level 1 in Axes
  3164 | D:2      | Reached skill level 1 in Maces & Flails
  3164 | D:2      | Reached skill level 1 in Polearms
  3164 | D:2      | Reached skill level 1 in Staves
  3164 | D:2      | Reached skill level 1 in Slings
  3164 | D:2      | Reached skill level 1 in Bows
  3164 | D:2      | Reached skill level 1 in Crossbows
  3164 | D:2      | Reached skill level 1 in Throwing
  3164 | D:2      | Reached skill level 1 in Armour
  3164 | D:2      | Reached skill level 1 in Shields
  3164 | D:2      | Reached skill level 1 in Unarmed Combat
  3164 | D:2      | Reached skill level 1 in Evocations
  3378 | D:3      | Reached skill level 1 in Conjurations
  3378 | D:3      | Reached skill level 1 in Hexes
  3378 | D:3      | Reached skill level 1 in Necromancy
  3378 | D:3      | Reached skill level 1 in Translocations
  3378 | D:3      | Reached skill level 1 in Transmutations
  3378 | D:3      | Reached skill level 1 in Fire Magic
  3378 | D:3      | Reached skill level 1 in Ice Magic
  3378 | D:3      | Reached skill level 1 in Air Magic
  3378 | D:3      | Reached skill level 1 in Earth Magic
  3378 | D:3      | Reached skill level 1 in Poison Magic
  3378 | D:3      | Reached XP level 4. HP: 32/32 MP: 2/11
  3758 | D:3      | Found a radiant altar of Vehumet.
  3887 | D:3      | Reached XP level 5. HP: 6/37 MP: 6/12
  5059 | D:4      | Identified the ring "Agoi" {Str+4 Int+6 Dex+4}
  5094 | D:4      | Found a glowing drain.
  5111 | Sewer    | Entered a sewer
  5557 | Sewer    | Noticed a kobold brigand
  5592 | Sewer    | Killed a kobold brigand
  5593 | Sewer    | Reached XP level 6. HP: 31/44 MP: 3/14
  5997 | Sewer    | Reached skill level 4 in Staves
  5997 | Sewer    | Reached skill level 5 in Invocations
  5997 | Sewer    | Reached XP level 7. HP: 55/55 MP: 14/17
  5998 | Sewer    | Reached skill level 6 in Staves
  5998 | Sewer    | Reached XP level 8. HP: 64/64 MP: 14/19
  6408 | D:3      | Reached skill level 5 in Conjurations
  6408 | D:3      | Reached skill level 5 in Hexes
  6408 | D:3      | Reached skill level 5 in Necromancy
  6408 | D:3      | Reached skill level 5 in Translocations
  6408 | D:3      | Reached skill level 5 in Transmutations
  6408 | D:3      | Reached skill level 5 in Fire Magic
  6408 | D:3      | Reached skill level 5 in Ice Magic
  6408 | D:3      | Reached skill level 5 in Air Magic
  6408 | D:3      | Reached skill level 5 in Earth Magic
  6408 | D:3      | Reached skill level 5 in Poison Magic
  6655 | D:4      | Found a staircase to the Ecumenical Temple.
  6677 | Temple   | Entered the Ecumenical Temple
  7044 | D:4      | Learned a level 3 spell: Summon Guardian Golem
  7049 | D:4      | Learned a level 4 spell: Summon Lightning Spire
  7052 | D:4      | Learned a level 2 spell: Wereblood
  7186 | D:4      | Found a glowing silver altar of Zin.
  7296 | D:5      | Entered Level 5 of the Dungeon
  7458 | D:5      | Reached XP level 9. HP: 69/69 MP: 13/20
  8046 | D:5      | Found a transporter.
  8046 | D:5      | Found a transporter.
  8046 | D:5      | Noticed axecop's ghost (amateur DsAK)
  8429 | D:5      | Reached XP level 10. HP: 54/76 MP: 22/22
  8592 | D:5      | Found a snail-covered altar of Cheibriados.
  8593 | D:5      | Found an ornate altar of the Wu Jian Council.
  8594 | D:5      | Found a glowing golden altar of the Shining One.
  8595 | D:5      | Found an ancient bone altar of Kikubaaqudgha.
  8608 | D:5      | Became a worshipper of Cheibriados the Contemplative
  9086 | D:6      | Found a sacrificial altar of Ru.
  9307 | D:6      | Found a shimmering altar of Xom.
  9421 | D:6      | Found a shimmering blue altar of Sif Muna.
  9488 | D:6      | Reached * piety under Cheibriados
  9809 | D:7      | Found a white marble altar of Elyvilon.
  9809 | D:7      | Found a broken altar of Ashenzari.
  9828 | D:7      | Found a sand-covered staircase.
  9838 | Ossuary  | Entered an ossuary
 10233 | D:7      | Found a flagged portal.
 10239 | D:7      | Reached ** piety under Cheibriados
 10255 | Bailey   | Entered a bailey
 10678 | Bailey   | Noticed an orc knight
 10691 | Bailey   | Killed an orc knight
 10940 | D:7      | Found a burning altar of Makhleb.
 10968 | D:7      | Reached *** piety under Cheibriados
 11321 | D:7      | Noticed a deep elf pyromancer
 11328 | D:7      | Killed a deep elf pyromancer
 11329 | D:7      | Reached XP level 11. HP: 83/83 MP: 14/23
 12109 | D:8      | Reached **** piety under Cheibriados
 12442 | D:9      | Found a shadowy altar of Dithmenos.
 12598 | D:9      | Reached skill level 7 in Staves
 13144 | D:10     | Entered Level 10 of the Dungeon
 13153 | D:10     | Noticed a two-headed ogre
 13154 | D:10     | Noticed a two-headed ogre
 13164 | D:10     | Killed a two-headed ogre
 13166 | D:10     | Noticed a tengu warrior
 13167 | D:10     | Killed a two-headed ogre
 13173 | D:10     | Killed a tengu warrior
 13672 | D:10     | Reached ***** piety under Cheibriados
 13713 | D:10     | Noticed a two-headed ogre
 13720 | D:10     | Killed a two-headed ogre
 13721 | D:10     | Reached XP level 12. HP: 91/91 MP: 18/25
 13942 | D:10     | Found a staircase to the Lair.
 13984 | D:10     | Found a stormy altar of Qazlal.
 14038 | D:10     | Noticed Grum
 14049 | D:10     | Killed Grum
 14171 | D:10     | Noticed a two-headed ogre
 14180 | D:10     | Killed a two-headed ogre
 15093 | D:11     | Noticed Erica
 15109 | D:11     | Killed Erica
 15112 | D:11     | Identified a scroll of acquirement
 15112 | D:11     | Acquired 690 gold pieces
 15219 | D:11     | Found a staircase to the Orcish Mines.
 15468 | D:11     | Noticed a catoblepas
 15478 | D:11     | Killed a catoblepas
 15748 | D:12     | Noticed Azrael
 15773 | D:12     | Killed Azrael
 15774 | D:12     | Reached skill level 8 in Staves
 16196 | D:12     | Noticed a two-headed ogre
 16211 | D:12     | Killed a two-headed ogre
 16294 | D:12     | Noticed Josephine
 16318 | D:12     | Killed Josephine
 16336 | D:12     | Reached skill level 10 in Summonings
 16339 | D:12     | Reached XP level 13. HP: 94/98 MP: 2/26
 17095 | D:13     | Noticed Maurice
 17097 | D:13     | Killed Maurice
 17388 | D:13     | Noticed a vault guard
 17399 | D:13     | Killed a vault guard
 17484 | D:13     | Noticed a vault guard
 17507 | D:13     | Killed a vault guard
 17512 | D:13     | Found a gate to the Vaults.
 17698 | D:13     | Reached skill level 10 in Spellcasting
 17964 | D:13     | Noticed Snorg
 17973 | D:13     | Killed Snorg
 18152 | D:14     | Learned a level 7 spell: Summon Hydra
 18158 | D:14     | Learned a level 5 spell: Manifold Assault
 18419 | D:14     | Reached skill level 10 in Dodging
 18584 | D:14     | Reached ****** piety under Cheibriados
 18764 | D:14     | Reached skill level 9 in Staves
 18766 | D:14     | Reached skill level 10 in Stealth
 19083 | D:14     | Identified Roxanne's Almanac of Clay
 19083 | D:14     | Noticed Roxanne
 19195 | D:14     | Reached XP level 14. HP: 45/108 MP: 17/28
 19535 | D:14     | Noticed Jorgrun
 19560 | D:14     | Killed Jorgrun
 19561 | D:14     | Reached skill level 10 in Invocations
 20102 | D:15     | Entered Level 15 of the Dungeon
 20372 | D:5      | Killed axecop's ghost
 20525 | Lair:1   | Entered Level 1 of the Lair of Beasts
 23225 | Lair:3   | Reached skill level 10 in Staves
 24605 | Lair:4   | Reached XP level 15. HP: 60/115 MP: 30/30
 24975 | Lair:4   | Reached skill level 10 in Fighting
 24975 | Lair:4   | Reached skill level 10 in Short Blades
 24975 | Lair:4   | Reached skill level 10 in Long Blades
 24975 | Lair:4   | Reached skill level 10 in Axes
 24975 | Lair:4   | Reached skill level 10 in Maces & Flails
 24975 | Lair:4   | Reached skill level 10 in Polearms
 24975 | Lair:4   | Reached skill level 10 in Slings
 24975 | Lair:4   | Reached skill level 10 in Bows
 24975 | Lair:4   | Reached skill level 10 in Crossbows
 24975 | Lair:4   | Reached skill level 10 in Throwing
 24975 | Lair:4   | Reached skill level 10 in Armour
 24975 | Lair:4   | Reached skill level 10 in Shields
 24975 | Lair:4   | Reached skill level 10 in Unarmed Combat
 24975 | Lair:4   | Reached skill level 10 in Evocations
 25083 | Lair:4   | Found a staircase to the Shoals.
 25206 | Lair:4   | Found a hole to the Spider Nest.
 25943 | Lair:5   | Reached skill level 11 in Staves
 26461 | Lair:5   | Found a staircase to the Slime Pits.
 26952 | Lair:6   | Entered Level 6 of the Lair of Beasts
 27624 | Lair:6   | Noticed Kirke
 27641 | Lair:6   | Noticed a sphinx
 27651 | Lair:6   | Killed Kirke
 27888 | Lair:6   | Found a burning altar of Makhleb.
 27906 | Lair:6   | Found a gateway to Hell.
 27925 | Lair:6   | Learned a level 2 spell: Passwall
 27933 | Lair:6   | Learned a level 7 spell: Malign Gateway
 29220 | Orc:1    | Entered Level 1 of the Orcish Mines
 29517 | Orc:1    | Found Ilooheuc's Weapon Emporium.
 29893 | Orc:2    | Entered Level 2 of the Orcish Mines
 29998 | Orc:2    | Reached skill level 12 in Staves
 29998 | Orc:2    | Reached XP level 16. HP: 122/124 MP: 13/31
 30041 | Orc:2    | Paralysed by an orc sorcerer for 5 turns
 30436 | Orc:2    | Found Jikecaf's Distillery.
 30445 | Orc:2    | Bought a potion of curing for 42 gold pieces
 30445 | Orc:2    | Bought a potion of curing for 42 gold pieces
 30538 | Orc:2    | Found a staircase to the Elven Halls.
 30921 | Orc:2    | Found Wocozin's Armour Boutique.
 30921 | Orc:2    | Found Rutozxer's Armour Emporium.
 30923 | Orc:2    | Found Milecicso's Book Emporium.
 30923 | Orc:2    | Found Xuibbol's Assorted Antiques.
 30933 | Orc:2    | Bought a scroll of enchant armour for 240 gold pieces
 30933 | Orc:2    | Bought a scroll of teleportation for 96 gold pieces
 30933 | Orc:2    | Bought a scroll of enchant weapon for 240 gold pieces
 30937 | Orc:2    | Bought the +0 pair of fencer's gloves {Riposte Dex+3} for
                  | 1280 gold pieces
 30937 | Orc:2    | Found the +0 pair of fencer's gloves {Riposte Dex+3}
 31227 | Shoals:1 | Entered Level 1 of the Shoals
 31548 | Shoals:1 | Found a frozen archway.
 31565 | IceCv    | Entered an ice cave
 31572 | IceCv    | Mangled by a dire elephant simulacrum

Illustrated notes

Levels and vault maps discovered:
D:1:      lemuel_arrival_broad_hall, layout_basic,
          hellmonk_ecumenical_altar_slurped_away, kennysheep_pointless_box
D:2:      layout_basic, grunt_decor_cap
D:3:      layout_basic, fiery_altar_vehumet
D:4:      layout_rooms, zin_treasury, minmay_temple_entry_drinking_statues,
          portal_sewer_entry_e, kennysheep_generic_room_8
D:5:      kennysheep_windowed_halls, layout_loops_ring,
          mainiacjoe_overflow_alcove_3, gammafunk_ghost_arena, kennysheep_nub
D:6:      layout_loops_ring, tgw_xom, overflow_temple_1_default,
          lemuel_tele_altar
D:7:      layout_cave_pools, bloody_makhleb, gammafunk_temple_overflow_statue,
          nicolae_ossuary_entry_ruins, enter_bailey_5, guppyfry_early_elven_hall
D:8:      layout_layer_cave
D:9:      layout_cave_pools, old_standard_altar
D:10:     wad_woods_stonehenge, layout_basic, lair_entry_dummy,
          minmay_statue_bubble, uniq_grum
D:11:     layout_rooms, orc_0_dummy, item_on_display_a, uniq_erica
D:12:     layout_loops_ring, kennysheep_generic_room_11, uniq_josephine,
          uniq_azrael
D:13:     layout_long_grid, ximxim_vaults_locker_room, uniq_maurice, uniq_snorg
D:14:     minmay_opposing_rooms, layout_long_grid, kennysheep_path_1,
          uniq_roxanne, uniq_jorgrun
D:15:     grunt_enter_depths_hoard, layout_irregular_city,
          nicolae_tso_swordbearing_angel, gammafunk_ghost_tricky_traps
Temple:   jpeg_temple_island
Lair:1:   layout_cave_pods, minivault_24
Lair:2:   layout_small_grid, grunt_megastairs_2, serial_bayou_shore_b,
          infiniplex_staircase_pool_2
Lair:3:   layout_chaotic_city, grunt_megastairs_3, lemuel_fruit_tree
Lair:4:   layout_roguey [special_room_mythical_zoo], elwin_shoals_entry_rocks,
          nicolae_spider_entry_orb_guardian
Lair:5:   layout_misc_corridors, minmay_slime_entry_oklob_open,
          nicolae_lair_run_with_the_wolves
Lair:6:   evil_forest, layout_hall_layers, lemuel_fruit_fields, uniq_kirke
Shoals:1: cheibrodos_shoals_baths, layout_shoals,
          portal_ice_cave_entry_ice_statue_one, uniq_aizul
Orc:1:    layout_diamond_mine, serial_shops, nicolae_shop_bloodbath_and_beyond
Orc:2:    grunt_orc_tribal_feast, layout_caves, basic_altar, serial_shops,
          nicolae_shop_trees
IceCv:    ice_cave_small_necro

Skill      XL: |  1  2  3  4  5  6  7  8  9 10 11 12 13 14 15 |
---------------+----------------------------------------------+-----
Spellcasting   | 5 7 8 9 10 11 | 11.9
Invocations    | 1 2 5 6 7 8 9 10 11 | 11.8
Fighting       | 1 4 6 7 8 9 10 | 10.9
Short Blades   | 1 4 6 7 8 9 10 | 10.9
Long Blades    | 1 4 6 7 8 9 10 | 10.9
Axes           | 1 4 6 7 8 9 10 | 10.9
Maces & Flails | 1 4 6 7 8 9 10 | 10.9
Polearms       | 1 4 6 7 8 9 10 | 10.9
Staves         | 1 4 6 7 8 9 10 12 | 12.3
Slings         | 1 4 6 7 8 9 10 | 10.9
Bows           | 1 4 6 7 8 9 10 | 10.9
Crossbows      | 1 4 6 7 8 9 10 | 10.9
Throwing       | 1 4 6 7 8 9 10 | 10.9
Armour         | 1 4 6 7 8 9 10 | 10.9
Shields        | 1 4 6 7 8 9 10 | 10.9
Unarmed Combat | 1 4 6 7 8 9 10 | 10.9
Evocations     | 1 4 6 7 8 9 10 | 10.9
Conjurations   | 1 4 5 6 7 8 9 |  9.1
Hexes          | 1 4 5 6 7 8 9 |  9.1
Necromancy     | 1 4 5 6 7 8 9 |  9.1
Translocations | 1 4 5 6 7 8 9 |  9.1
Transmutations | 1 4 5 6 7 8 9 |  9.1
Fire Magic     | 1 4 5 6 7 8 9 |  9.1
Ice Magic      | 1 4 5 6 7 8 9 |  9.1
Air Magic      | 1 4 5 6 7 8 9 |  9.1
Earth Magic    | 1 4 5 6 7 8 9 |  9.1
Poison Magic   | 1 4 5 6 7 8 9 |  9.1
Dodging        | 6 7 8 9 10 11 | 11.8
Stealth        | 6 7 8 9 10 11 | 11.6
Summonings     | 8 9 10 11 | 11.5

Action                   |  1- 3 |  4- 6 |  7- 9 | 10-12 | 13-15 | 16-18 || total
-------------------------+-------+-------+-------+-------+-------+-------++-------
Melee: Spear             |   108 |   166 |   217 |   275 |       |       ||   766
       Unarmed           |     6 |       |       |       |    16 |       ||    22
       Short sword       |     4 |       |       |       |       |       ||     4
       Bite              |     9 |    20 |    30 |    79 |   208 |    12 ||   358
       Punch             |     2 |     1 |       |       |       |       ||     3
       Dagger            |       |       |       |   147 |       |       ||   147
       Rapier            |       |       |       |    43 |  1381 |    40 ||  1464
       Broad axe         |       |       |       |       |       |    47 ||    47
Throw: Dart              |       |       |       |     1 |    30 |     1 ||    32
       Javelin           |       |       |       |       |       |     2 ||     2
 Cast: Summon Small Mamm |    27 |    23 |    26 |    90 |    17 |       ||   183
       Call Imp          |     9 |    10 |    14 |    56 |    17 |       ||   106
       Call Canine Famil |     7 |    14 |    21 |    52 |    27 |     1 ||   122
       Summon Guardian G |       |       |     3 |    34 |    23 |     2 ||    62
       Summon Lightning  |       |       |     2 |    26 |    23 |     1 ||    52
       Wereblood         |       |       |     1 |    10 |    30 |     2 ||    43
       Manifold Assault  |       |       |       |       |    56 |     7 ||    63
Invok: Slouch            |       |       |       |       |       |     1 ||     1
Evoke: Wand              |       |       |     1 |    11 |     4 |    11 ||    27
       Phantom mirror    |       |       |       |     1 |     1 |     1 ||     3
  Use: Scroll            |       |     4 |       |     9 |    12 |     2 ||    27
       Potion            |       |     2 |     5 |     1 |     2 |       ||    10
 Stab: Sleeping          |     8 |     4 |     3 |     9 |    34 |     2 ||    60
       Distracted        |     1 |       |     3 |    22 |    18 |       ||    44
       Paralysed         |       |       |       |     3 |       |       ||     3
Armor: Robe              |    16 |    27 |    27 |    36 |   112 |     1 ||   219
       Troll leather arm |       |       |       |       |       |     2 ||     2
Dodge: Dodged            |    52 |    71 |   105 |   302 |   972 |    53 ||  1555
Block: Kite shield       |       |    21 |    86 |   418 |  1570 |    94 ||  2189
       Reflection        |       |       |       |    10 |    22 |     3 ||    35
       Other             |       |       |       |       |     3 |       ||     3
       Rpst.: Broad axe  |       |       |       |       |       |     4 ||     4

Table legend: (Time is in decaauts)
 A = Elapsed time spent in this place.
 B = Non-inter-level travel time spent in this place.
 C = Inter-level travel time spent in this place.
 D = Time resting spent in this place.
 E = Time spent auto-exploring this place.
 F = Levels seen in this place.
 G = Mean time per level.
                   A        B        C        D        E       F      G
               +--------+--------+--------+--------+--------+-----+--------+
         Total |  42362 |  39097 |   3265 |    562 |  31126 |  29 | 1460.8 |
       Dungeon |  23809 |  21968 |   1841 |    229 |  17998 |  15 | 1587.3 |
        Temple |    289 |    289 |      0 |      0 |    272 |   1 |  289.0 |
          Lair |  13013 |  11941 |   1072 |    286 |   9443 |   6 | 2168.8 |
        Shoals |     43 |     43 |      0 |      0 |      0 |   1 |   43.0 |
  Orcish Mines |   3104 |   2753 |    351 |     12 |   2127 |   2 | 1552.0 |
         Sewer |   1002 |   1002 |      0 |      0 |    637 |   1 | 1002.0 |
       Ossuary |    418 |    418 |      0 |      0 |    197 |   1 |  418.0 |
        Bailey |    673 |    673 |      0 |     35 |    449 |   1 |  673.0 |
      Ice Cave |      8 |      8 |      0 |      0 |      0 |   1 |    8.0 |
               +--------+--------+--------+--------+--------+-----+--------+

Top non-repeatable levels by time:
    D:10: 3337 daAuts
    D:14: 2828 daAuts
  Lair:6: 2648 daAuts
  Lair:1: 2263 daAuts
  Lair:2: 2199 daAuts
  Lair:4: 2068 daAuts
  Lair:5: 1940 daAuts
  Lair:3: 1893 daAuts
    D:13: 1837 daAuts
   Orc:2: 1787 daAuts
    D:12: 1778 daAuts
     D:3: 1757 daAuts
     D:1: 1730 daAuts
     D:5: 1689 daAuts
     D:2: 1630 daAuts
